 Dungeon Crawl Stone Soup version 0.19-a0-559-ga3d69d0 (webtiles) character file.

32 namelastname112 the Sneak (level 3, -2/16 HPs)
             Began as a Felid Wanderer on June 8, 2016.
             Slain by Ijyb
             ... wielding a +0 club
              (6 damage)
             ... on level 2 of the Dungeon.
             The game lasted 00:01:49 (992 turns).

namelastname112 the Sneak (Felid Wanderer)           Turns: 992, Time: 00:01:50

Health: -2/16      AC:  1    Str:  9    XL:     3   Next: 8%
Magic:  4/4        EV: 18    Int: 13    God:
Gold:   32         SH:  0    Dex: 15    Spells: 0 memorised, 2 levels left
                                        Lives:  0   Deaths: 0

rFire  . . .     SeeInvis +       - Unarmed
rCold  . . .     Gourm    .     (armour unavailable)
rNeg   . . .     Faith    .     (shield unavailable)
rPois  .         Spirit   .     (helmet unavailable)
rElec  .         Dismiss  .     (cloak unavailable)
rCorr  .         Reflect  .     (gloves unavailable)
SustAt +         Harm     .     (boots unavailable)
MR     .....                    (no amulet)
Stlth  ++++......               (no ring)
                                g - ring of sustain attributes

@: quick, not resistant to hostile enchantments, stealthy
A: no armour, no weapons or thrown items, claws 1, fangs 3, see invisible,
carnivore 3, speed 1, shaggy fur 1, slow metabolism 1, sharp paws
a: no special abilities


You were on level 2 of the Dungeon.
You were full.

You visited 1 branch of the dungeon, and saw 2 of its levels.

You collected 32 gold pieces.

Inventory:

Jewellery
 g - a ring of sustain attributes (left paw)
Scrolls
 c - a scroll of teleportation
 f - 2 scrolls of identify {unknown}
 j - a scroll of remove curse {unknown}
 l - a scroll of fear {unknown}
 o - a scroll of enchant weapon {unknown}
Potions
 a - a potion of haste
 b - a potion of lignification
 e - a potion of might {unknown}
 h - 2 potions of flight {unknown}
 i - 2 potions of curing {unknown}
 k - a potion of cancellation {unknown}
 m - a potion of brilliance {unknown}
 n - a potion of heal wounds {unknown}
Comestibles
 d - 2 meat rations


   Skills:
 + Level 2.2 Fighting
 + Level 3.3 Dodging
 + Level 5.6 Stealth
 * Level 2.7 Unarmed Combat


You had 2 spell levels left.
You didn't know any spells.

Dungeon Overview and Level Annotations

Branches:
Dungeon (2/15)

Altars:
Kikubaaqudgha

Annotations:
D:2 Ijyb


Innate Abilities, Weirdness & Mutations

You cannot wear armour.
You are incapable of wielding weapons or throwing items.
You have sharp claws.
You have razor-sharp teeth.
You have supernaturally acute eyesight. (SInv)
You are carnivorous and can eat meat at any time.
You cover ground quickly.
You are covered in fur. (AC +1)
You have a slow metabolism.
Your sharp claws are effective at attacking unaware monsters.


Message History

Ijyb misses you.
You scratch Ijyb but do no damage.
Ijyb is severely wounded.
Ijyb misses you.
You scratch Ijyb but do no damage.
Ijyb is severely wounded.
Ijyb hits you with a club.
You take 4 damage, and have 8/16 hp.
MASSIVE DAMAGE!!
You barely miss Ijyb.
Ijyb is severely wounded.
Ijyb hits you with a club.
* * * LOW HITPOINT WARNING * * *
You take 4 damage, and have 4/16 hp.
MASSIVE DAMAGE!!
You are too injured to fight recklessly!
You are too injured to fight recklessly!
You are too injured to fight recklessly!
You scratch Ijyb but do no damage.
Ijyb is severely wounded.
Ijyb hits you with a club.
You die...

#$....##....##.........g.g...
.........##......######...
........)#.......# ###.#.
.##...#..........# #...#.
##........###### #.#.##
##...........# #g###
#......##########.# #...?..#
#....# #....@.# #...g##
#....g.# ###.....### #......#
#......_.... #....###.#
#.####.....# #.#.. [# #
##....# #.#<# .# #....# #. .#
#.#### .# #.# ... .


You could see Ijyb.

Vanquished Creatures
  A worm (D:1)
  A dart slug (D:1)
  A giant gecko (D:2)
  2 giant cockroaches (D:1)
  4 goblins
  3 hobgoblins (D:1)
  2 bats (D:1)
  2 giant newts (D:1)
  8 kobolds
  A rat (D:1)
25 creatures vanquished.

Notes
Turn   | Place    | Note
--------------------------------------------------------------
     0 | D:1      | namelastname112 the Felid Wanderer began the quest for the Orb.
     0 | D:1      | namelastname112 set off with: a potion of haste, a potion of lignification, a scroll of teleportation, a meat ration
     0 | D:1      | Reached XP level 1. HP: 9/9 MP: 2/2
    58 | D:1      | crauler: вот и вроде бы хп всему голва
    62 | D:1      | crauler: *голова
    94 | D:1      | Reached XP level 2. HP: 12/13 MP: 3/3
   144 | D:1      | crauler: но тем не менее огры не топовая раса
   231 | D:1      | crauler: ну играют за них точно не часто
   279 | D:1      | xeno23: тралли топовая зато
   502 | D:1      | crauler: странно на самом деле
   593 | D:1      | crauler: ну реген вещь хорошая
   653 | D:2      | xeno23: когти 3
   662 | D:2      | Reached XP level 3. HP: 15/16 MP: 4/4
   676 | D:2      | Found an ancient bone altar of Kikubaaqudgha.
   694 | D:2      | Noticed Ijyb
   749 | D:2      | crauler: но с 130% хп там что вскоре и без регена неплохо
   966 | D:2      | crauler: пойду тандердом попробую
   992 | D:2      | Slain by Ijyb

Vault maps used:
D:1:      lightli_molten_gateway, hangedman_abyss_or_decor_lesser_grid,
          glass_columns_c
D:2:      kennysheep_the_goblin_king, nicolae_overflow_crystal_walls,
          first_bread

Skill      XL: |  1  2 |
---------------+-------+-----
Dodging        | 3 |  3.3
Fighting       | |  2.2
Stealth        | |  5.6
Unarmed Combat | |  2.7

Action                   || total
-------------------------++-------
Melee: Unarmed           ||   101
       Bite              ||     6
 Stab: Sleeping          ||     9
       Distracted        ||     1
  Eat: Chunk             ||     5
Dodge: Dodged            ||    62
